 Dungeon Crawl Stone Soup version 0.28-a0-381-g937acc2988 (webtiles) character file.

Game seed: 1688534707112186646

253 SolCadguy the Charlatan (level 6, 0/47 HPs)
             Began as a Gnoll Artificer on Sept 2, 2021.
             Was an Initiate of Elyvilon.
             Killed by nerve-wracking pain
             ... invoked by a shadow imp
              (10 damage)
             ... on level 5 of the Dungeon.
             The game lasted 00:11:09 (4048 turns).

SolCadguy the Charlatan (Gnoll Artificer)           Turns: 4048, Time: 00:11:09

Health: 0/47       AC: 12    Str: 13    XL:     6   Next: 14%
Magic:  0/8        EV:  7    Int: 16    God:    Elyvilon [......]
Gold:   146        SH:  0    Dex: 13    Spells: 8/8 levels left

rFire   . . .      SeeInvis .   A - +0 spear
rCold   . . .      Faith    .   (no shield)
rNeg    . . .      Spirit   +   m - +0 chain mail
rPois   .          Reflect  .   (no helmet)
rElec   .          Harm     .   w - +0 cloak
rCorr   .          Rampage  .   h - +0 pair of gloves
Will    .....                   (no boots)
Stlth   ..........              o - amulet of guardian spirit
HPRegen 0.15/turn               q - +6 ring of intelligence
MPRegen 0.11/turn               (no ring)

@: no status effects
A: fangs 1, strong nose, distributed training
a: Renounce Religion


You were on level 5 of the Dungeon.
You worshipped Elyvilon.
Elyvilon was noncommittal.
You visited 2 branches of the dungeon, and saw 6 of its levels.

You collected 146 gold pieces.

Inventory:

Hand Weapons
 a - a +0 club
 f - a +0 dagger
 t - a +0 hunting sling
 A - a +0 spear (weapon)
Missiles
 p - 3 curare-tipped darts
 u - 26 sling bullets
 x - 37 poisoned darts (quivered)
Armour
 b - a +0 leather armour
 h - a +0 pair of gloves (worn)
 m - a +0 chain mail (worn)
 w - a +0 cloak (worn)
Jewellery
 o - an amulet of guardian spirit (around neck)
 q - a +6 ring of intelligence (left hand)
Wands
 d - a wand of charming (7)
Scrolls
 g - 5 scrolls of identify {unknown}
 j - a scroll of fear {unknown}
 l - a scroll of teleportation {unknown}
 n - a scroll of summoning {unknown}
 s - a scroll of silence {unknown}
 y - a scroll of noise {unknown}
Potions
 i - a potion of resistance {unknown}
 k - 2 potions of brilliance {unknown}
 r - a potion of heal wounds {unknown}
 v - a potion of curing {unknown}
 z - a potion of degeneration {unknown}
Miscellaneous
 e - a piece from Xom's chessboard (13/15)


   Skills:
 + Level 3.1 Fighting
 + Level 1.8 Short Blades
 + Level 1.8 Long Blades
 + Level 1.8 Axes
 + Level 1.8 Maces & Flails
 + Level 1.8 Polearms
 + Level 1.8 Staves
 + Level 1.8 Slings
 + Level 1.8 Bows
 + Level 1.8 Crossbows
 + Level 1.8 Throwing
 + Level 4.9 Armour
 + Level 3.1 Dodging
 + Level 3.0 Stealth
 + Level 1.8 Shields
 + Level 1.8 Unarmed Combat
 + Level 1.8 Spellcasting
 + Level 1.4 Conjurations
 + Level 1.4 Hexes
 + Level 1.4 Summonings
 + Level 1.4 Necromancy
 + Level 1.4 Translocations
 + Level 1.4 Transmutations
 + Level 1.4 Fire Magic
 + Level 1.4 Ice Magic
 + Level 1.4 Air Magic
 + Level 1.4 Earth Magic
 + Level 1.4 Poison Magic
 + Level 2.0 Invocations
 + Level 6.8 Evocations


You had 8 spell levels left.
You didn't know any spells.
Your spell library contained the following spells:

 Spells                   Type           Power      Damage    Failure   Level
 Freeze                   Ice            24%        1d5       97%         1
 Corpse Rot               Necr/Air       N/A        N/A       99%         2
 Poisonous Vapours        Pois/Air       12%        N/A       99%         2
 Frozen Ramparts          Ice            12%        1d3       100%        3
 Summon Guardian Golem    Hex/Summ       6%         N/A       100%        3
 Hailstorm                Conj/Ice       6%         3d4       100%        4
 Freezing Cloud           Conj/Ice/Air   3%         6-21      100%        5
 Orb of Destruction       Conj           3%         9d1       100%        7
 Spellforged Servitor     Conj/Summ      3%         N/A       100%        7


Dungeon Overview and Level Annotations

Branches:
Dungeon (5/15)             Temple (1/1) D:4

Altars:
Ashenzari
Cheibriados
Dithmenos
Elyvilon
Gozag
Hepliaklqana
Okawaru
Qazlal
Trog
Uskayaw
Vehumet
Xom
Yredelemnul
Zin

Shops:
D:2 [

Annotations:
D:5 Ijyb


Innate Abilities, Weirdness & Mutations

You have very sharp teeth.
Your uncanny sense of smell can sniff out nearby items.
Your experience applies equally to all skills.


Message History

The shadow imp closely misses your phantom.
The orc hits you with a +0 dagger.
* * * LOW HITPOINT WARNING * * *
Your phantom hits the orc.
Your phantom blinks!
The orc blinks!
You closely miss the orc. The orc barely misses you.
You feel a bit more experienced.
You hit the orc.
The orc is almost dead.
The orc hits you but does no damage.
You hit the orc but do no damage. Your bite misses the orc.
The orc is almost dead.
The orc hits you with a +0 hand axe.
* * * LOW HITPOINT WARNING * * *
You hit the orc.
You kill the orc!
Ijyb zaps a wand.
The mass of ice explodes!
The iceblast engulfs you! Elyvilon protects you from harm!
You hit the shadow imp.
The shadow imp is severely wounded.
The shadow imp hits you but does no damage.
You hit the shadow imp but do no damage.
You bite the shadow imp, but do no damage.
The shadow imp is severely wounded.
The shadow imp hits you but does no damage.
You hit the shadow imp.
The shadow imp is almost dead.
Your phantom misses something.
The shadow imp hits you but does no damage.
You barely miss the shadow imp.
The shadow imp is almost dead.
Your phantom hits Ijyb.
The shadow imp hits you but does no damage.
You barely miss the shadow imp.
The shadow imp is almost dead.
The phantom is no longer charmed.
The shadow imp gestures at you. Pain shoots through your body!
You die...

......# ## .....# .#
....## #####.# #...
#.....#
#####..#####.#...###
#.......).∆.....# ..
# ###.>....W$...# .#
#.###W#######.<.##.#
#..@5g# #.#....#
####### #......#
#....###...#
##...#......
##..#.#....
+#...#.... ##. #.###
.. #.# .. ..#


You could see a phantom, Ijyb and a shadow imp.

Vanquished Creatures
  A hound skeleton (D:4)
  4 adders
  A worm (D:3)
  A dart slug (D:1)
  4 orcs
  4 endoplasms
  6 giant cockroaches
  6 goblins
  7 hobgoblins
  3 jackals (D:1)
  2 quokkas (D:1)
  5 ball pythons
  2 bats
  3 frilled lizards
  2 kobolds
  7 rats
58 creatures vanquished.

Vanquished Creatures (collateral kills)
  An ogre (D:4)
  4 orcs
  A hobgoblin (D:3)
  A rat (D:3)
7 creatures vanquished.

Vanquished Creatures (others)
  A hound (D:5)
  5 toadstools (D:1)
6 creatures vanquished.

Grand Total: 71 creatures vanquished

Notes
Turn   | Place    | Note
-------+----------+-------------------------------------------
     0 | D:1      | SolCadguy the Gnoll Artificer began the quest for the Orb.
     0 | D:1      | Reached XP level 1. HP: 17/17 MP: 1/1
   287 | D:1      | Reached XP level 2. HP: 22/23 MP: 2/2
   946 | D:1      | Reached XP level 3. HP: 21/28 MP: 3/3
  1380 | D:2      | Found Jycwomp's Armour Shoppe.
  1540 | D:2      | Found a faded altar of an unknown god.
  1642 | D:2      | Reached skill level 1 in Invocations
  1642 | D:2      | Found a bloodstained altar of Trog.
  2021 | D:3      | Reached skill level 1 in Short Blades
  2021 | D:3      | Reached skill level 1 in Long Blades
  2021 | D:3      | Reached skill level 1 in Axes
  2021 | D:3      | Reached skill level 1 in Maces & Flails
  2021 | D:3      | Reached skill level 1 in Polearms
  2021 | D:3      | Reached skill level 1 in Staves
  2021 | D:3      | Reached skill level 1 in Slings
  2021 | D:3      | Reached skill level 1 in Bows
  2021 | D:3      | Reached skill level 1 in Crossbows
  2021 | D:3      | Reached skill level 1 in Throwing
  2021 | D:3      | Reached skill level 1 in Shields
  2021 | D:3      | Reached skill level 1 in Unarmed Combat
  2021 | D:3      | Reached skill level 1 in Spellcasting
  2101 | D:3      | Reached XP level 4. HP: 34/34 MP: 5/5
  2216 | D:3      | Found a hide-covered altar of Uskayaw.
  2644 | D:4      | Noticed an ogre
  2710 | D:4      | Killed an ogre
  2711 | D:4      | Reached skill level 1 in Conjurations
  2711 | D:4      | Reached skill level 1 in Hexes
  2711 | D:4      | Reached skill level 1 in Summonings
  2711 | D:4      | Reached skill level 1 in Necromancy
  2711 | D:4      | Reached skill level 1 in Translocations
  2711 | D:4      | Reached skill level 1 in Transmutations
  2711 | D:4      | Reached skill level 1 in Fire Magic
  2711 | D:4      | Reached skill level 1 in Ice Magic
  2711 | D:4      | Reached skill level 1 in Air Magic
  2711 | D:4      | Reached skill level 1 in Earth Magic
  2711 | D:4      | Reached skill level 1 in Poison Magic
  2711 | D:4      | Reached XP level 5. HP: 29/41 MP: 4/7
  2715 | D:4      | Found a staircase to the Ecumenical Temple.
  2724 | Temple   | Entered the Ecumenical Temple
  3028 | Temple   | Became a worshipper of Elyvilon the Healer
  3063 | D:4      | Reached XP level 6. HP: 46/47 MP: 8/8
  3994 | D:5      | Entered Level 5 of the Dungeon
  4001 | D:5      | Noticed Ijyb
  4042 | D:5      | Elyvilon protects you from harm!
  4048 | D:5      | Killed from afar by a shadow imp

Illustrated notes

Levels and vault maps discovered:
D:1:      ldierk_walled_garden, layout_loops_ring, minmay_door_square,
          chequers_serial_rivers_small_3
D:2:      layout_loops_ring, basic_altar, serial_shops, nicolae_diamond_shop,
          chequers_ecumenical_altar_simple_redux
D:3:      layout_rooms, eat_drink_and_be_merry_uskayaw, st_stairs_14
D:4:      layout_loops_ring, minmay_temple_entry_overgrown
D:5:      layout_basic, nemelex_diamond_rough_becter, serial_shops, shop,
          minmay_misc_feat_tower, uniq_ijyb, uniq_prince_ribbit1
Temple:   cyrus_circular_temple

Skill      XL: |  1  2  3  4  5  6 |
---------------+-------------------+-----
Invocations    | 1 2 |  2.0
Short Blades   | 1 |  1.8
Long Blades    | 1 |  1.8
Axes           | 1 |  1.8
Maces & Flails | 1 |  1.8
Polearms       | 1 |  1.8
Staves         | 1 |  1.8
Slings         | 1 |  1.8
Bows           | 1 |  1.8
Crossbows      | 1 |  1.8
Throwing       | 1 |  1.8
Shields        | 1 |  1.8
Unarmed Combat | 1 |  1.8
Spellcasting   | 1 |  1.8
Fighting       | 3 |  3.1
Dodging        | 3 |  3.1
Conjurations   | 1 |  1.4
Hexes          | 1 |  1.4
Summonings     | 1 |  1.4
Necromancy     | 1 |  1.4
Translocations | 1 |  1.4
Transmutations | 1 |  1.4
Fire Magic     | 1 |  1.4
Ice Magic      | 1 |  1.4
Air Magic      | 1 |  1.4
Earth Magic    | 1 |  1.4
Poison Magic   | 1 |  1.4
Stealth        | 3 |  3.0
Armour         | |  4.9
Evocations     | |  6.8

Action                   |  1- 3 |  4- 6 || total
-------------------------+-------+-------++-------
Melee: Dagger            |   188 |   194 ||   382
       Club              |     6 |       ||     6
       Bite              |    16 |    22 ||    38
       Punch             |       |     2 ||     2
       Spear             |       |    34 ||    34
Evoke: Wand              |     9 |    14 ||    23
       Piece from Xom's  |       |     2 ||     2
 Stab: Sleeping          |     3 |       ||     3
Armor: Leather armour    |    37 |       ||    37
       Chain mail        |    39 |   137 ||   176
Dodge: Dodged            |    91 |    80 ||   171

Table legend: (Time is in decaauts)
 A = Elapsed time spent in this place.
 B = Non-inter-level travel time spent in this place.
 C = Inter-level travel time spent in this place.
 D = Time resting spent in this place.
 E = Time spent auto-exploring this place.
 F = Levels seen in this place.
 G = Mean time per level.
                   A        B        C        D        E       F      G
               +--------+--------+--------+--------+--------+-----+--------+
         Total |   4036 |   3906 |    130 |    509 |   2450 |   6 |  672.7 |
       Dungeon |   3717 |   3601 |    116 |    318 |   2390 |   5 |  743.4 |
        Temple |    318 |    304 |     14 |    191 |     60 |   1 |  318.0 |
               +--------+--------+--------+--------+--------+-----+--------+

Top non-repeatable levels by time:
     D:1: 1285 daAuts
     D:4: 1015 daAuts
     D:2: 726 daAuts
     D:3: 635 daAuts
  Temple: 318 daAuts
     D:5: 53 daAuts
